 Dungeon Crawl Stone Soup version 0.20-a0-1006-ge6c5631 (webtiles) character file.

3866 FastMan the Cleaver (level 10, -2/79 HPs)
             Began as a Formicid Fighter on Apr 14, 2017.
             Was a Follower of Okawaru.
             Drowned by a water elemental (4 damage)
             ... on level 10 of the Dungeon.
             The game lasted 00:05:17 (5149 turns).

FastMan the Cleaver (Formicid Fighter)              Turns: 5149, Time: 00:05:17

Health: -2/79      AC: 13    Str: 22    XL:     10   Next: 41%
Magic:  1/10       EV:  9    Int:  7    God:    Okawaru [*.....]
Gold:   331        SH: 15    Dex: 13    Spells: 9/9 levels left

rFire    + . .     SeeInvis +   a - +0 war axe
rCold    + . .     Gourm    .   c - +1 shield
rNeg     . . .     Faith    .   d - +0 plate armour
rPois    .         Spirit   .   (helmet unavailable)
rElec    .         Reflect  .   (no cloak)
rCorr    .         Harm     .   (no gloves)
MR       +....                  (no boots)
Stlth    ..........             (no amulet)
Regen    0.3/turn               y - ring "Atrierph" {Wiz rC++}
MPRegen  0.2/turn               e - ring of fire

@: heroism, engulfed (cannot breathe)
A: permanent stasis, dig shafts and tunnels, four strong arms, antennae 3,
mutation resistance 1
a: Dig, Shaft Self, Heroism, Renounce Religion


You were on level 10 of the Dungeon.
You worshipped Okawaru.
Okawaru was aware of your devotion.
You were hungry.

You visited 2 branches of the dungeon, and saw 11 of its levels.

You collected 331 gold pieces.

Inventory:

Hand Weapons
 a - a +0 war axe (weapon)
Armour
 c - a +1 shield (worn)
 d - a +0 plate armour (worn)
Jewellery
 e - a ring of fire (right hand)
 y - the ring "Atrierph" (left hand) {Wiz rC++}
   (You found it on level 5 of the Dungeon)

   [ring of wizardry]

   It improves your spell success rate.
   It greatly protects you from cold.
Scrolls
 j - a scroll of enchant armour
 k - a scroll of holy word {unknown}
 n - 4 scrolls of remove curse {@r2}
Potions
 g - a potion of agility {@q5}
 i - a potion of ambrosia
 s - 2 potions of curing {@q1}
 u - a potion of cancellation
 w - a potion of resistance
 x - 2 potions of mutation
Comestibles
 b - 6 chunks of flesh
 f - 4 bread rations {@e1}
 h - 3 royal jellies {@e3}
 o - 2 meat rations {@e2}
 q - 4 fruits {@e4}


   Skills:
 - Level 7.0(12.0) Fighting
 * Level 12.1(17.1) Axes
 - Level 3.2(8.2) Armour
 + Level 10.8(15.8) Shields


You had 9 spell levels left.
You didn't know any spells.

Dungeon Overview and Level Annotations

Branches:
Dungeon (11/15)            Temple (1/1) D:7
   Lair: D:8-11         Orc: D:9-12

Altars:
Ashenzari
Cheibriados
Dithmenos
Fedhas
Hepliaklqana
Kikubaaqudgha
Okawaru
Sif Muna
Trog
Uskayaw
Vehumet
Xom
Yredelemnul

Shops:
D:5 *(

Annotations:
D:8 Foxy's ghost, novice BaFi


Innate Abilities, Weirdness & Mutations

You cannot be hasted, slowed, berserked, paralysed or teleported.
You can dig through walls and to a lower floor.
Your four strong arms can wield two-handed weapons with a shield.
You have a pair of large antennae on your head. (SInv)
You are somewhat resistant to further mutation.


Message History

You block the water elemental's attack.
You hit the water elemental but do no damage.
The water elemental is heavily damaged.
You barely miss the water elemental.
The water elemental is heavily damaged.
The water elemental hits you.
* * * LOW HITPOINT WARNING * * *
The water elemental engulfs you in water!
You hit the water elemental but do no damage.
The water elemental is heavily damaged.
* * * LOW HITPOINT WARNING * * *
Your lungs strain for air!
You block the water elemental's attack.
You barely miss the water elemental.
The water elemental is heavily damaged.
* * * LOW HITPOINT WARNING * * *
Your lungs strain for air!
You closely miss the water elemental.
The water elemental is heavily damaged.
You die...

#########
.......@#
#######E#
#.# #.#
#.# ..#
###


You could see a water elemental.

Vanquished Creatures
  A two-headed ogre (D:8)
  Prince Ribbit (D:6)
  A hippogriff (D:6)
  Sigmund (D:3)
  Eustachio (D:4)
  4 yaks
  2 hungry ghosts (D:7)
  Menkaure (D:4)
  An eye of draining (D:8)
  An ice beast (D:6)
  A sky beast (D:6)
  2 ogres
  3 bullfrogs (D:6)
  A wyvern skeleton (D:7)
  A scorpion (D:6)
  3 crimson imps
  A quasit (D:7)
  3 hounds
  A jelly (D:5)
  A centaur skeleton (D:6)
  A bullfrog skeleton (D:6)
  4 orc wizards
  An iguana (D:5)
  8 worker ants
  8 adders
  4 gnolls (D:6)
  A shadow imp (D:5)
  An ooze (D:6)
  A dart slug (D:3)
  6 leopard geckos
  11 orcs
  5 bats
  6 giant cockroaches
  8 goblins
  2 hobgoblins
  7 jackals
  2 quokkas
  4 frilled lizards
  A giant cockroach zombie (D:5)
  5 kobolds
  A leopard gecko skeleton (D:4)
  4 rats
122 creatures vanquished.

Notes
Turn   | Place    | Note
-------+----------+-------------------------------------------
     0 | D:1      | FastMan the Formicid Fighter began the quest for the Orb.
     0 | D:1      | Reached XP level 1. HP: 18/18 MP: 1/1
    64 | D:1      | Reached XP level 2. HP: 24/24 MP: 2/2
   214 | D:2      | Reached skill level 3 in Axes
   214 | D:2      | Reached XP level 3. HP: 25/29 MP: 3/3
   392 | D:2      | Reached XP level 4. HP: 28/35 MP: 4/4
  1039 | D:3      | Noticed Sigmund
  1048 | D:3      | Reached skill level 9 in Axes
  1048 | D:3      | Reached XP level 5. HP: 30/48 MP: 5/5
  1063 | D:3      | Killed Sigmund
  1063 | D:3      | Reached XP level 6. HP: 40/55 MP: 6/6
  1081 | D:3      | Found a snail-covered altar of Cheibriados.
  1197 | D:4      | Reached XP level 7. HP: 49/60 MP: 7/7
  1301 | D:4      | Noticed Eustachio
  1325 | D:4      | Killed Eustachio
  1748 | D:4      | Noticed Menkaure
  1757 | D:4      | Killed Menkaure
  2050 | D:5      | Entered Level 5 of the Dungeon
  2061 | D:5      | Found a blossoming altar of Fedhas.
  2061 | D:5      | Found a hide-covered altar of Uskayaw.
  2263 | D:5      | Reached XP level 8. HP: 67/67 MP: 8/8
  2292 | D:5      | Found Eriate's Weapon Shop.
  2296 | D:5      | Noticed a yak
  2297 | D:5      | Noticed a yak
  2297 | D:5      | Noticed a yak
  2298 | D:5      | Noticed a yak
  2304 | D:5      | Killed a yak
  2310 | D:5      | Killed a yak
  2310 | D:5      | Reached skill level 10 in Axes
  2346 | D:6      | Killed a yak
  2627 | D:5      | Killed a yak
  2698 | D:5      | Found a hazy altar of Hepliaklqana.
  2723 | D:5      | Got a faintly glowing marble ring
  2835 | D:5      | Reached XP level 9. HP: 71/72 MP: 9/9
  3097 | D:5      | Found Epue's Elemental Accessories.
  3363 | D:6      | Identified the ring "Atrierph" {Wiz rC++} (You found it on level 5 of the Dungeon)
  3580 | D:6      | Reached skill level 11 in Axes
  3781 | D:6      | Noticed a hippogriff
  3790 | D:6      | Killed a hippogriff
  3790 | D:6      | Reached skill level 10 in Shields
  3865 | D:7      | Noticed Prince Ribbit
  3901 | D:6      | Gained mutation: You are weak. (Str -2) [potion of mutation]
  3901 | D:6      | Lost mutation: You are weak. (Str -2) [potion of mutation]
  3901 | D:6      | Gained mutation: You are somewhat resistant to further mutation. [potion of mutation]
  3916 | D:6      | Killed Prince Ribbit
  4064 | D:7      | Found a staircase to the Ecumenical Temple.
  4086 | Temple   | Entered the Ecumenical Temple
  4178 | Temple   | Became a worshipper of Warmaster Okawaru
  4216 | D:7      | Reached XP level 10. HP: 78/79 MP: 10/10
  4626 | D:8      | Noticed Foxy's ghost (novice BaFi)
  5101 | D:8      | Noticed a two-headed ogre
  5109 | D:8      | Killed a two-headed ogre
  5109 | D:8      | Reached * piety under Okawaru
  5109 | D:8      | Reached skill level 12 in Axes
  5127 | D:8      | Noticed a two-headed ogre
  5129 | D:8      | You fall through a shaft for 3 floors!
  5135 | D:10     | Entered Level 10 of the Dungeon
  5148 | D:10     | HP: 1/79 [drowned by a water elemental (4)]
  5149 | D:10     | Drowned by a water elemental

Vault maps used:
D:1:      scummos_arrival_gate
D:2:      hex_tiny
D:3:      lemuel_round_altar, cheibriados_altar_1, uniq_sigmund
D:4:      first_bread, kennysheep_path_1, nicolae_underground_beach,
          uniq_menkaure, uniq_eustachio
D:5:      kennysheep_little_box, chequers_temple_overflow_statue_of_worship,
          serial_shops, nicolae_shop_trees, nicolae_elemental_shop
D:7:      uniq_prince_ribbit1
D:10:     grunt_nemelex_the_gamble
D:11:     lemuel_ogre_cave, grunt_tengu_nest
Temple:   dpeg_five_rooms_temple

Skill      XL: |  1  2  3  4  5  6  7  8  9 10 |
---------------+-------------------------------+-----
Axes           | 3 9 10 11 12 | 12.1
Shields        | 4 8 9 10 | 10.8
Fighting       | 7 |  7.0
Armour         | |  3.2

Action                   |  1- 3 |  4- 6 |  7- 9 | 10-12 || total
-------------------------+-------+-------+-------+-------++-------
Melee: War axe           |    94 |    92 |   226 |   124 ||   536
Invok: Heroism           |       |       |       |     1 ||     1
 Abil: Shaft Self        |       |       |       |     1 ||     1
  Use: Potion            |       |     2 |     6 |       ||     8
       Scroll            |       |       |     9 |     1 ||    10
  Eat: Chunk             |       |     1 |    13 |     4 ||    18
Armor: Scale mail        |    41 |     9 |    36 |       ||    86
       Chain mail        |       |    36 |    20 |     4 ||    60
       Plate armour      |       |       |       |    19 ||    19
Dodge: Dodged            |    38 |    46 |    59 |    19 ||   162
Block: Shield            |    60 |    70 |   135 |    62 ||   327
